 Dungeon Crawl Stone Soup version 0.31-a0-986-g5e6e4ef867 (webtiles) character file.

Game seed: 17504720806424928206

1830 DocClef the Ruffian (level 8, -2/81 HPs)
             Began as a Troll Shapeshifter on Nov 9, 2023.
             Slain by a gnoll
             ... wielding a +0 spear
             ... led by a gnoll bouda
              (7 damage)
             ... on level 6 of the Dungeon.
             The game lasted 00:04:13 (3595 turns).

DocClef the Ruffian (Troll Shapeshifter)            Turns: 3595, Time: 00:04:13

Health: -2/81      AC:  4    Str: 25    XL:     8   Next: 86%
Magic:  7/7        EV:  9    Int:  6    God:
Gold:   257        SH:  0    Dex:  9    Spells: 7/7 levels left

rFire   . .          .
                       - Unarmed
rCold   . . .        (no shield)
rNeg    . . .        a - +0 animal skin
rPois   .            (helmet currently unavailable)
rElec   .            (cloak currently unavailable)
rCorr   .            (gloves unavailable)
SInv    .            (boots unavailable)
Will    .....        (no amulet)
Stlth   +            (no ring)
HPRegen 1.13/turn    (no ring)
MPRegen 0.10/turn

%: no passive effects
@: beast-form, weakened
A: beast (slay +3), large, unfitting armour, claws 3, regeneration 1, shaggy fur
1, tough skin 1
a: Begin Untransformation


You were on level 6 of the Dungeon.
You were a hulking beast.
You visited 1 branch of the dungeon, and saw 6 of its levels.

You collected 257 gold pieces.

Inventory:

Missiles
 e - 2 throwing nets
Armour
 a - a +0 animal skin (worn)
Jewellery
 s - a +6 ring of intelligence
Talismans
 c - a beast talisman
 d - a flux talisman
Wands
 u - a wand of iceblast (20)
Scrolls
 f - 2 scrolls of vulnerability {unknown}
 h - 2 scrolls of immolation {unknown}
 i - a scroll of enchant armour {unknown}
 l - 7 scrolls of identify {unknown}
 n - a scroll of teleportation {unknown}
 p - a scroll of blinking {unknown}
 q - 3 scrolls of noise {unknown}
 v - a scroll of fog {unknown}
 y - a scroll of silence {unknown}
Potions
 b - 2 potions of lignification
 g - a potion of cancellation {unknown}
 j - a potion of ambrosia {unknown}
 k - 2 potions of invisibility {unknown}
 m - a potion of attraction {unknown}
 o - a potion of berserk rage {unknown}
 r - a potion of brilliance {unknown}
 t - a potion of enlightenment {unknown}
 w - a potion of curing {unknown}
 x - a potion of heal wounds {unknown}


   Skills:
 + Level 5.5 Fighting
 - Level 1.5 Dodging
 + Level 7.2 Unarmed Combat
 + Level 6.7 Shapeshifting


You had 7 spell levels left.
You didn't know any spells.
Your spell library contained the following spells:

 Spells                   Type           Power      Damage    Failure   Level
 Apportation              Tloc           0%         N/A       45%         1
 Necrotise                Necr           0%         1d4       45%         1
 Summon Small Mammal      Summ           0%         N/A       45%         1
 Blink                    Tloc           0%         N/A       58%         2
 Lesser Beckoning         Tloc           0%         N/A       58%         2
 Momentum Strike          Conj/Tloc      0%         3d8       58%         2
 Gell's Gravitas          Tloc           0%         N/A       83%         3
 Teleport Other           Tloc           0%         N/A       83%         3
 Tukima's Dance           Hex            0%         N/A       83%         3
 Dimensional Bullseye     Hex/Tloc       0%         N/A       99%         4
 Iskenderun's Mystic Bla  Conj/Tloc      0%         2d3       99%         4


Dungeon Overview and Level Annotations

Branches:
Dungeon (6/15)             Temple (0/1) D:6

Altars:
Nemelex Xobeh

Shops:
D:4 =

Annotations:
D:3 3 runed translucent doors, LeprechaunX's ghost, amateur OpSh


Innate Abilities, Weirdness & Mutations

You are a hulking beast.
Your limbs bulge with bestial killing power. (Slay +3)
You are too large for most types of armour.
You have claws for hands.
Your natural rate of healing is unusually fast.
You are covered in fur. (AC +1)
You have tough skin. (AC +1)


Message History

You are too injured to fight recklessly!
You are too injured to fight recklessly!
You are too injured to fight recklessly!
You are too injured to fight recklessly!
Unknown command.
The gnoll bouda gazes fiercely through you!
You feel your attacks grow feeble. The gnoll attacks as it pursues you!
The gnoll hits you from afar with a +0 spear.
The gnoll bouda gazes fiercely through you!
You feel as though you will be weak longer.
The sky beast attacks as it pursues you!
The sky beast completely misses you.
The gnoll is no longer moving quickly.
The gnoll throws a throwing net.
The throwing net hits you.
You become entangled in the net!
There is a stone staircase leading up here.
You see here a throwing net.
You struggle against the net.
The sky beast hits you. The sky beast shocks you.
You struggle against the net.
The gnoll is no longer moving quickly.
The sky beast hits you. The sky beast shocks you.
You struggle against the net.
The gnoll hits you from afar with a +0 spear.
The gnoll bouda hits you with a +0 whip!
* * * LOW HITPOINT WARNING * * *
The sky beast flickers out of sight!
Deactivating autopickup; reactivate with Ctrl-A.
Something hits you but does no damage.
You struggle against the net.
The gnoll hits you from afar with a +0 spear.
* * * LOW HITPOINT WARNING * * *
The gnoll bouda gazes fiercely through you!
You feel as though you will be weak longer.
The gnoll bouda barely misses you. Something hits you.
* * * LOW HITPOINT WARNING * * *
Something shocks you.
* * * LOW HITPOINT WARNING * * *
You rip the net and break free!
The gnoll hits you from afar with a +0 spear!
You die...

##### ....# ###.# #.#.#
#.#.# #...# ###########
#.############.........#
.......>........ggg....#
#.#######...##.#h{.##.g##
#.# ###..#.#.K.KK#..# #.#
##.#.#...#.#.K# #.#
#.#.#####[#g.# #.#
#.#.#.....#K.## #.#
#...#.#####.K.########
#.#
##....#####.#.)......#
#.# ##.#.................
#.# #.#.#####(########..


You could see a gnoll bouda, 2 gnolls and 3 kobolds.

Vanquished Creatures
  Pikel (D:4)
  Eustachio (D:4)
  Menkaure (D:4)
  A water moccasin (D:6)
  2 ice beasts
  An ogre (D:5)
  A lemure (D:4)
  2 phantoms
  A kobold brigand (D:6)
  A howler monkey (D:5)
  A jelly (D:5)
  2 orc priests
  A hound (D:6)
  4 sleepcaps (D:5)
  2 iguanas (D:6)
  An orc wizard (D:5)
  4 gnolls
  7 adders
  2 worms
  18 orcs
  3 ball pythons
  9 endoplasms
  A giant cockroach (D:1)
  8 goblins
  5 hobgoblins
  4 jackals
  3 quokkas (D:4)
  3 bats
  2 frilled lizards (D:3)
  5 kobolds
  3 rats
100 creatures vanquished.

Notes
Turn   | Place    | Note
-------+----------+-------------------------------------------
     0 | D:1      | DocClef the Troll Shapeshifter began the quest for the Orb.
     0 | D:1      | Reached XP level 1. HP: 18/18 MP: 0/0
   201 | D:1      | Reached skill level 1 in Fighting
   442 | D:1      | Reached XP level 2. HP: 27/27 MP: 1/1
   618 | D:2      | Found a faded altar of an unknown god.
   619 | D:2      | You fall into a shaft and drop 1 floor!
   760 | D:2      | Reached XP level 3. HP: 33/33 MP: 2/2
   856 | D:2      | Reached XP level 4. HP: 40/42 MP: 3/3
  1161 | D:3      | Identified the +2 scale mail "Nuaxe" {rN+}
  1162 | D:3      | Found a runed translucent gate.
  1162 | D:3      | Noticed LeprechaunX's ghost (amateur OpSh)
  1171 | D:3      | Noticed a phantom
  1184 | D:3      | Killed a phantom
  1185 | D:3      | Reached skill level 4 in Unarmed Combat
  1185 | D:3      | Reached XP level 5. HP: 40/50 MP: 4/4
  1231 | D:3      | Found a runed translucent gate.
  1231 | D:3      | Found a runed translucent gate.
  1801 | D:4      | Found Ivemig's Jewellery Shoppe.
  2072 | D:4      | Identified the +10 orcbow of Irritation {heavy, Fly}
  2100 | D:4      | Reached XP level 6. HP: 59/59 MP: 5/5
  2134 | D:4      | Noticed Menkaure
  2213 | D:4      | Killed Menkaure
  2214 | D:4      | Reached skill level 5 in Unarmed Combat
  2276 | D:4      | Noticed Pikel
  2288 | D:4      | Killed Pikel
  2289 | D:4      | Reached skill level 5 in Shapeshifting
  2289 | D:4      | Reached XP level 7. HP: 45/70 MP: 6/6
  2417 | D:4      | Noticed Eustachio
  2446 | D:4      | Killed Eustachio
  2447 | D:4      | Reached skill level 6 in Unarmed Combat
  2447 | D:4      | Reached XP level 8. HP: 71/79 MP: 7/7
  2504 | D:4      | Found a sparkling altar of Nemelex Xobeh.
  2540 | D:5      | Entered Level 5 of the Dungeon
  2881 | D:5      | Identified the +12 dagger of the Hawk {flame, rElec rF+
                  | rCorr Int+8}
  2900 | D:5      | Reached skill level 5 in Fighting
  3303 | D:6      | Found a staircase to the Ecumenical Temple.
  3540 | D:6      | Reached skill level 7 in Unarmed Combat
  3594 | D:6      | HP: 4/81 [something (6)]
  3595 | D:6      | Slain by a gnoll

Illustrated notes

Levels and vault maps discovered:
D:1:      zaba_arrival_water, layout_loops_ring
D:2:      layout_rooms, ebering_ecumenical_altar_rust
D:3:      layout_basic, biasface_ghost_orc_armoury
D:4:      layout_rooms, nemelex_dance_club_becter, serial_shops,
          kennysheep_mini_moat, minmay_fractal_squares_5, uniq_pikel,
          uniq_eustachio, uniq_menkaure
D:5:      layout_cave_pods
D:6:      layout_basic, temple_pool_b

Skill      XL: |  1  2  3  4  5  6  7  8 |
---------------+-------------------------+-----
Fighting       | 1 2 4 5 |  5.5
Unarmed Combat | 4 5 6 7 |  7.2
Shapeshifting  | 4 5 6 |  6.7
Dodging        | |  1.5

Action                     |  1- 3 |  4- 6 |  7- 9 || total
---------------------------+-------+-------+-------++-------
  Melee: Unarmed           |    71 |   131 |    78 ||   280
         Punch             |     3 |     2 |     5 ||    10
   Stab: Sleeping          |     2 |       |       ||     2
 Armour: Animal skin       |    42 |    86 |    66 ||   194
  Dodge: Dodged            |    39 |    52 |    25 ||   116

Table legend: (Time is in decaauts)
 A = Elapsed time spent in this place.
 B = Non-inter-level travel time spent in this place.
 C = Inter-level travel time spent in this place.
 D = Time resting spent in this place.
 E = Time spent auto-exploring this place.
 F = Levels seen in this place.
 G = Mean time per level.
                   A        B        C        D        E       F      G
               +--------+--------+--------+--------+--------+-----+--------+
         Total |   3569 |   3470 |     99 |    145 |   2695 |   6 |  594.8 |
       Dungeon |   3569 |   3470 |     99 |    145 |   2695 |   6 |  594.8 |
               +--------+--------+--------+--------+--------+-----+--------+

Top non-repeatable levels by time:
     D:4: 774 daAuts
     D:3: 751 daAuts
     D:5: 738 daAuts
     D:1: 581 daAuts
     D:2: 416 daAuts
     D:6: 307 daAuts
